 Dungeon Crawl Stone Soup version 0.22.1-1-ga44c0e5 (webtiles) character file.

44459 harcile the Carver (level 14, -7/127 HPs)
             Began as a Hill Orc Fighter on Oct 23, 2018.
             Was a High Priest of the Shining One.
             Killed from afar by a fire dragon (39 damage)
             ... with a blast of flame
             ... on level 6 of the Lair of Beasts.
             The game lasted 01:07:12 (19087 turns).

harcile the Carver (Hill Orc Fighter)              Turns: 19087, Time: 01:07:13

Health: -7/127     AC: 25    Str: 24    XL:     14   Next: 28%
Magic:  0/17       EV:  8    Int:  8    God:    the Shining One [*****.]
Gold:   1176       SH: 13    Dex: 13    Spells: 15/18 levels left

rFire    . . .     SeeInvis .   b - +2 falchion (freeze)
rCold    + + .     Gourm    .   c - +0 shield
rNeg     + + .     Faith    .   Z - +4 chain mail {rC+}
rPois    +         Spirit   +   (no helmet)
rElec    .         Reflect  .   Q - scarf {Spirit}
rCorr    .         Harm     .   q - +2 pair of gloves {Str+3}
MR       +....                  w - +2 pair of boots
Stlth    ..........             E - amulet of magic regeneration
HPRegen  0.71/turn              H - ring of protection from cold
MPRegen  0.40/turn              n - ring of poison resistance

@: glowing, studying Armour
A: slimy green scales 1, blurry vision 1, regeneration 1
a: Divine Shield, Cleansing Flame, Summon Divine Warrior, Renounce Religion


You were on level 6 of the Lair of Beasts.
You worshipped the Shining One.
The Shining One was extremely pleased with you.
You were very hungry.

You visited 3 branches of the dungeon, and saw 19 of its levels.
You also visited: Sewer.

You collected 1176 gold pieces.

Inventory:

Hand Weapons
 a - a +5 scimitar of flaming
 b - a +2 falchion of freezing (weapon)
 I - a +2 triple sword of distortion
 K - the +3 giant club "Skullcrusher" {speed, Str+7}
   (You found it on level 5 of the Lair of Beasts)

   Attacks with this weapon are significantly faster.
   It affects your strength (+7).
 V - a +4 long sword
Missiles
 M - 5 throwing nets (quivered)
Armour
 c - a +0 shield (worn)
 q - a +2 pair of gloves of strength (worn)
 w - a +2 pair of boots (worn)
 Q - a scarf of spirit shield (worn)
 Z - a +4 chain mail of cold resistance (worn)
Magical Staves
 D - an uncursed staff of earth
Jewellery
 j - an uncursed ring of see invisible
 n - a ring of poison resistance (right hand)
 E - an amulet of magic regeneration (around neck)
 F - an uncursed ring of attention
 H - a ring of protection from cold (left hand)
 L - an uncursed ring of teleportation
 T - an uncursed amulet of the gourmand {unknown}
 X - an uncursed ring of protection from magic
Wands
 h - a wand of polymorph (12)
 k - a wand of flame (28)
 z - a wand of scattershot (5)
 B - a wand of paralysis (13)
 J - a wand of digging (12)
 P - a wand of iceblast (12)
 W - a wand of disintegration (13)
Scrolls
 d - a scroll of magic mapping
 e - 4 scrolls of remove curse
 g - 8 scrolls of identify
 i - 14 scrolls of teleportation
 v - 2 scrolls of random uselessness {unknown}
 x - a scroll of amnesia
 y - a scroll of acquirement
 C - a scroll of fear {unknown}
 O - 3 scrolls of enchant armour
Potions
 l - 3 potions of might
 m - 4 potions of heal wounds
 o - 3 potions of mutation
 p - 6 potions of curing
 r - 6 potions of brilliance
 s - 7 potions of agility
 t - 3 potions of invisibility
 u - 6 potions of flight
 A - a potion of haste
 G - 2 potions of degeneration
 N - a potion of resistance
 S - 4 potions of lignification
Books
 U - a manual of Armour
Miscellaneous
 R - a box of beasts
Comestibles
 f - 53 rations


   Skills:
 + Level 12.5 Fighting
 + Level 14.9 Long Blades
 + Level 12.2 Armour
 - Level 1.0 Dodging
 - Level 1.3 Stealth
 + Level 12.9 Shields
 * Level 2.6 Spellcasting
 * Level 3.5 Conjurations
 * Level 3.5 Earth Magic


You had 15 spell levels left.
You knew the following spells:

 Your Spells              Type           Power        Failure   Level  Hunger
s - Stone Arrow           Conj/Erth      #.....       82%         3    ####...

Your spell library contained the following spells:

 Spells                   Type           Power        Failure   Level  Hunger
 Magic Dart               Conj           #...         43%         1    ##.....
 Sandblast                Erth           #.....       43%         1    ##.....
 Searing Ray              Conj           #.....       58%         2    ###....
 Passwall                 Tmut/Erth      #.......     83%         2    ###....
 Poisonous Vapours        Pois/Air       #.....       97%         2    ###....
 Conjure Flame            Conj/Fire      #.......     97%         3    ####...
 Dazzling Spray           Conj/Hex       #.....       97%         3    ####...
 Mephitic Cloud           Conj/Pois/Air  #.......     98%         3    ####...
 Iskenderun's Mystic Bla  Conj           #.......     99%         4    #####..
 Force Lance              Conj/Tloc      #.......     100%        4    #####..
 Fulminant Prism          Conj/Hex       #.........   100%        4    #####..
 Petrify                  Tmut/Erth      #.......     100%        4    #####..
 Lee's Rapid Deconstruct  Erth           #.........   100%        5    ######.
 Freezing Cloud           Conj/Ice/Air   #.........   100%        6    #######
 Ring of Flames           Chrm/Fire      #.........   100%        7    #######


Dungeon Overview and Level Annotations

Branches:
Dungeon (12/15)            Temple (1/1) D:7            Lair (6/6) D:11
 Shoals (0/4) Lair:2       Spider (0/4) Lair:3        Slime (0/5) Lair:6
    Orc (0/2) D:10

Altars:
Ashenzari
Cheibriados
Dithmenos
Elyvilon
Fedhas
Gozag
Hepliaklqana
Kikubaaqudgha
Makhleb
Nemelex Xobeh
Okawaru
Qazlal
Ru
Sif Muna
Trog
Uskayaw
Vehumet
Wu Jian
Xom
Yredelemnul
Zin
The Shining One
Jiyva

Shops:
D:8 %   D:9 %

Annotations:
D:10 3 runed doors, kalagan's ghost, novice DEEE


Innate Abilities, Weirdness & Mutations

You are partially covered in slimy green scales. (AC +2)
Scrolls take you a little longer to read.
Your natural rate of healing is unusually fast.


Message History

You feel sick. The fire dragon breathes flames at you.
The blast of flame hits you!
The swamp dragon breathes poison at you.
The blast of poison engulfs you! You resist.
You feel sick. The fire dragon breathes flames at you.
The blast of flame hits you! The fire dragon breathes flames at you.
The blast of flame hits you!
You see here +0 acid dragon scales.
You feel sick. The fire dragon breathes flames at you.
The blast of flame hits you!
* * * LOW HITPOINT WARNING * * *
You feel sick.
You are no longer poisoned.
The fire dragon breathes flames at you. The blast of flame hits you!
You die...

≈PP......#...........#♣♣≈[.♣♣♣♣
≈P♣....#..#..........#P[≈(P.###
≈≈≈....##.....................##
♣♣≈...###...........D.........P##
≈≈♣.....#...........D...P..######
♣≈.......#............P...P#...##
♣♣............................#..
≈≈.....P.........................
PP.....#P.......@..##P...........
♣.....##...........###########.#.
≈....####.........## ##.. .....#
#.........### ##. ....##
#.#.........# ## ♣#..#
###.#......## ....## #P.........#
.....####P........#
....#..###........#


You could see a fire dragon and a swamp dragon.

Vanquished Creatures
  Harold (D:10)
  8 hydras
  Erica (D:10)
  A catoblepas (Lair:6)
  A two-headed ogre (D:12)
  Urug (D:10)
  Sonja (Lair:1)
  2 ugly things
  2 manticores
  A cyclops (D:12)
  4 black mambas
  9 spiny frogs
  A gargoyle (D:11)
  Psyche (D:11)
  A komodo dragon (Lair:1)
  5 rime drakes
  10 polar bears
  Prince Ribbit (D:5)
  A slime creature (D:12)
  7 blink frogs
  3 trolls (D:12)
  A hornet (D:12)
  9 hippogriffs
  3 jumping spiders (Lair:3)
  2 raiju (Lair:6)
  A wraith (D:10)
  29 yaks
  Eustachio (D:5)
  3 basilisks
  Grum (Lair:1)
  A steam dragon (Lair:6)
  A hungry ghost (D:9)
  2 acid dragons (Lair:6)
  13 hell hounds (Lair:6)
  7 water moccasins
  6 wargs (Lair:6)
  16 porcupines
  5 phantoms
  A swamp drake (Lair:6)
  2 ice beasts
  3 sky beasts
  4 orc warriors
  An eye of draining (D:11)
  13 black bears
  5 ogres
  20 wolves
  A necrophage (D:10)
  9 centaurs
  11 crocodiles
  5 big kobolds
  9 bullfrogs
  A wyvern zombie (D:10)
  A wyvern skeleton (D:9)
  20 killer bees
  8 wights
  3 howler monkeys
  3 electric eels (Lair:6)
  5 crimson imps
  2 quasits
  A bullfrog zombie (D:7)
  4 hounds
  6 jellies
  9 orc wizards
  4 orc priests
  3 bullfrog skeletons
  A centaur skeleton (D:5)
  Terence (D:2)
  3 iguanas
  6 worker ants
  A hound skeleton (D:5)
  A howler monkey zombie (D:9)
  A worker ant zombie (D:9)
  6 gnolls
  A howler monkey skeleton (D:4)
  7 adders
  4 river rats (Sewer)
  2 shadow imps (D:9)
  2 worms
  7 dart slugs
  5 leopard geckos
  34 orcs
  8 giant cockroaches
  5 hobgoblins
  8 jackals
  37 kobolds
  8 quokkas
  9 ball pythons
  10 bats
  5 frilled lizards
  A giant cockroach zombie (D:5)
  5 goblins
  31 rats
  A plant (Lair:6)
  3 toadstools (D:1)
530 creatures vanquished.

Vanquished Creatures (others)
  A komodo dragon (Lair:6)
  3 fungi
  20 plants
  A toadstool (D:1)
25 creatures vanquished.

Grand Total: 555 creatures vanquished

Notes
Turn   | Place    | Note
-------+----------+-------------------------------------------
     0 | D:1      | harcile the Hill Orc Fighter began the quest for the Orb.
     0 | D:1      | Reached XP level 1. HP: 19/19 MP: 1/1
   114 | D:1      | Reached XP level 2. HP: 27/27 MP: 2/2
   365 | D:1      | Reached XP level 3. HP: 33/33 MP: 3/3
   816 | D:2      | Reached skill level 3 in Long Blades
   820 | D:2      | Found a burning altar of Makhleb.
   820 | D:2      | Noticed an Executioner
  1285 | D:2      | Found a faded altar of an unknown god.
  1468 | D:2      | Noticed Terence
  1479 | D:2      | Killed Terence
  1479 | D:2      | Reached XP level 4. HP: 28/40 MP: 4/4
  2515 | D:3      | Reached XP level 5. HP: 38/46 MP: 5/5
  2527 | D:3      | Reached skill level 1 in Dodging
  2732 | D:3      | Reached skill level 4 in Long Blades
  3204 | D:4      | Reached XP level 6. HP: 41/52 MP: 6/6
  3239 | D:4      | Noticed a phantom
  3305 | D:4      | Killed a phantom
  3305 | D:4      | Reached skill level 5 in Long Blades
  3322 | D:4      | Found a glowing drain.
  3334 | Sewer    | Entered a sewer
  3736 | Sewer    | Reached XP level 7. HP: 59/60 MP: 7/7
  3805 | Sewer    | Reached skill level 5 in Shields
  3853 | Sewer    | Reached skill level 5 in Armour
  4143 | D:4      | Found an opulent altar of Gozag.
  4143 | D:4      | Found a white marble altar of Elyvilon.
  4143 | D:4      | Found a radiant altar of Vehumet.
  4143 | D:4      | Found a blossoming altar of Fedhas.
  4308 | D:4      | Reached skill level 6 in Long Blades
  4547 | D:5      | Entered Level 5 of the Dungeon
  4656 | D:5      | Reached skill level 5 in Fighting
  4724 | D:5      | Noticed Prince Ribbit
  4822 | D:5      | Reached XP level 8. HP: 42/68 MP: 8/8
  5063 | D:5      | Noticed Eustachio
  5076 | D:5      | Killed Eustachio
  5155 | D:5      | Killed Prince Ribbit
  5155 | D:5      | Reached skill level 7 in Long Blades
  5258 | D:5      | Found an ancient bone altar of Kikubaaqudgha.
  5769 | D:6      | Got a smoking mace
  5774 | D:6      | Identified the cursed +2 mace of Fury {pain, +Inv Str-5
                  | SInv} (You found it on level 6 of the Dungeon)
  5860 | D:6      | Found a stormy altar of Qazlal.
  5920 | D:6      | Reached XP level 9. HP: 77/77 MP: 9/9
  5923 | D:6      | Found a bloodstained altar of Trog.
  6098 | D:6      | Reached skill level 8 in Long Blades
  6645 | D:7      | Found a staircase to the Ecumenical Temple.
  6662 | Temple   | Entered the Ecumenical Temple
  6850 | Temple   | Became a worshipper of the Shining One
  7241 | D:8      | Found Ypito's Food Shop.
  7353 | D:8      | Found a shattered altar of Ashenzari.
  7515 | D:8      | Reached skill level 9 in Long Blades
  7887 | D:8      | Reached XP level 10. HP: 75/86 MP: 10/10
  8023 | D:8      | Found a hazy altar of Hepliaklqana.
  8258 | D:9      | Reached * piety under the Shining One
  8323 | D:9      | Reached skill level 10 in Long Blades
  8626 | D:9      | Found a shimmering altar of Xom.
  8636 | D:9      | Identified a scroll of acquirement
  8658 | D:9      | Found Xusuh's Food Shoppe.
  8845 | D:10     | Entered Level 10 of the Dungeon
  8861 | D:9      | Reached skill level 1 in Stealth
  8930 | D:9      | Reached ** piety under the Shining One
  9130 | D:10     | Found a staircase to the Orcish Mines.
  9379 | D:10     | Reached skill level 11 in Long Blades
  9744 | D:10     | Noticed Harold
  9774 | D:10     | Killed Harold
  9774 | D:10     | Reached XP level 11. HP: 54/94 MP: 6/11
 10007 | D:10     | Found a runed gate.
 10013 | D:10     | Found a runed gate.
 10019 | D:10     | Found a runed gate.
 10037 | D:10     | Noticed kalagan's ghost (novice DEEE)
 10060 | D:10     | Noticed Urug
 10082 | D:10     | Killed Urug
 10172 | D:10     | Noticed Erica
 10205 | D:10     | Killed Erica
 10717 | D:11     | Reached *** piety under the Shining One
 10719 | D:11     | Reached skill level 10 in Shields
 10868 | D:11     | Noticed Psyche
 10876 | D:11     | Killed Psyche
 10905 | D:11     | Reached skill level 12 in Long Blades
 11230 | D:11     | Noticed a white ugly thing
 11271 | D:11     | Found a staircase to the Lair.
 11605 | D:12     | Found a viscous altar of Jiyva.
 11619 | D:12     | Noticed a cyclops
 11636 | D:12     | Killed a cyclops
 12008 | D:12     | Noticed a two-headed ogre
 12015 | D:12     | Killed a two-headed ogre
 12015 | D:12     | Reached XP level 12. HP: 67/106 MP: 7/12
 12077 | D:12     | Reached skill level 13 in Long Blades
 12126 | D:12     | Reached skill level 10 in Armour
 12133 | D:12     | Reached skill level 10 in Fighting
 12765 | Lair:1   | Entered Level 1 of the Lair of Beasts
 12854 | Lair:1   | Noticed Grum
 12869 | Lair:1   | Killed Grum
 12984 | Lair:1   | Noticed Sonja
 12996 | Lair:1   | Killed Sonja
 13214 | Lair:1   | Noticed a seven-headed hydra
 13223 | Lair:1   | Killed a two-headed hydra
 13226 | Lair:1   | HP: 5/107 [spiny frog (12)]
 14120 | Lair:1   | Gained mutation: Scrolls take you a little longer to read.
                  | [potion of mutation]
 14120 | Lair:1   | Gained mutation: You are partially covered in slimy green
                  | scales. (AC +2) [potion of mutation]
 14120 | Lair:1   | Gained mutation: Your natural rate of healing is unusually
                  | fast. [potion of mutation]
 14455 | Lair:2   | Noticed an eight-headed hydra
 14462 | Lair:2   | Killed a four-headed hydra
 14462 | Lair:2   | Reached skill level 14 in Long Blades
 14502 | Lair:2   | Reached XP level 13. HP: 98/116 MP: 11/13
 14703 | Lair:2   | Found a staircase to the Shoals.
 14726 | Lair:2   | Reached **** piety under the Shining One
 15263 | Lair:3   | Found a hole to the Spider Nest.
 16049 | Lair:4   | Learned a level 3 spell: Stone Arrow
 16602 | Lair:5   | Found the +3 giant club "Skullcrusher" {speed, Str+7}
 16923 | Lair:5   | Reached skill level 1 in Conjurations
 17137 | Lair:5   | Reached skill level 1 in Earth Magic
 17271 | Lair:6   | Entered Level 6 of the Lair of Beasts
 17431 | Lair:5   | Reached skill level 1 in Spellcasting
 17632 | Lair:6   | Found a staircase to the Slime Pits.
 17993 | Lair:6   | Reached ***** piety under the Shining One
 18050 | Lair:6   | Reached XP level 14. HP: 76/126 MP: 17/17
 18953 | Lair:6   | HP: 3/127 [fire dragon/blast of flame (31)]
 19087 | Lair:6   | Killed from afar by a fire dragon

Skill      XL: |  1  2  3  4  5  6  7  8  9 10 11 12 13 14 |
---------------+-------------------------------------------+-----
Fighting       | 4 5 6 7 8 9 11 12 | 12.5
Long Blades    | 3 4 5 6 7 9 11 12 14 | 14.9
Shields        | 4 5 6 8 9 10 11 12 | 12.9
Dodging        | 1 |  1.0
Armour         | 4 5 6 7 8 9 10 12 | 12.2
Stealth        | 1 |  1.3
Conjurations   | 2 3 |  3.5
Earth Magic    | 2 3 |  3.5
Spellcasting   | 2 |  2.6

Action                   |  1- 3 |  4- 6 |  7- 9 | 10-12 | 13-15 || total
-------------------------+-------+-------+-------+-------+-------++-------
Melee: Long sword        |   125 |   222 |   217 |    11 |       ||   575
       Falchion          |       |       |   173 |   218 |    48 ||   439
       Scimitar          |       |       |    67 |   401 |   481 ||   949
  Use: Scroll            |       |     7 |    10 |    12 |     3 ||    32
       Potion            |       |     3 |     1 |     3 |     6 ||    13
  Eat: Chunk             |     2 |     8 |    10 |    20 |    14 ||    54
       Ration            |       |       |     1 |     1 |       ||     2
Armor: Scale mail        |    61 |    87 |   174 |   150 |       ||   472
       Chain mail        |       |       |       |    10 |   281 ||   291
Dodge: Dodged            |    43 |    68 |   127 |   160 |   139 ||   537
Block: Shield            |    73 |   109 |   252 |   343 |   297 ||  1074
       Rpst.: Long sword |    12 |    23 |    23 |       |       ||    58
       Falchion          |       |       |    10 |    19 |     3 ||    32
       Scimitar          |       |       |     4 |    30 |    20 ||    54
